 Dungeon Crawl Stone Soup version 0.28.0-53-g5a82cb258f (webtiles) character file.

Game seed: 6607090367792632754

990 Nyth the Skirmisher (level 7, -3/105 HPs)
             Began as a Minotaur Berserker on Aug 9, 2022.
             Was a Believer of Trog.
             Killed by nerve-wracking pain
             ... invoked by Menkaure
              (13 damage)
             ... on level 6 of the Dungeon.
             The game lasted 00:12:34 (3966 turns).

Nyth the Skirmisher (Minotaur Berserker)            Turns: 3966, Time: 00:12:35

Health: -3/105     AC: 12    Str: 23    XL:     7   Next: 98%
Magic:  6/6        EV:  8    Int:  4    God:    Trog [**....]
Gold:   193        SH:  0    Dex: 12    Spells: 6/6 levels left

rFire   . . .      SeeInvis .   h - +7 spear of Dissent {freeze, rElec}
rCold   . . .      Faith    .   (no shield)
rNeg    . . .      Spirit   .   d - +0 plate armour
rPois   .          Reflect  .   (helmet restricted)
rElec   +          Harm     .   (no cloak)
rCorr   .          Rampage  .   (no gloves)
Will    .....                   (no boots)
Stlth   ..........              a - amulet of the acrobat
HPRegen 0.27/turn               (no ring)
MPRegen 0.10/turn               (no ring)

@: berserking, very quick
A: horns 2, retaliatory headbutt, robust 1, strong 1, MP-powered wands
a: Renounce Religion, Berserk, Trog's Hand


You were on level 6 of the Dungeon.
You worshipped Trog.
Trog was pleased with you.
You visited 1 branch of the dungeon, and saw 6 of its levels.

You collected 193 gold pieces.

Inventory:

Hand Weapons
 h - the +7 spear of Dissent (weapon) {freeze, rElec}
   (You found it on level 2 of the Dungeon)

   It freezes those it strikes, dealing additional cold damage.
   It can also slow down cold-blooded creatures.
   rElec:     It insulates you from electricity.
Armour
 b - a +0 animal skin
 d - a +0 plate armour (worn)
Jewellery
 a - an amulet of the acrobat (around neck)
Wands
 c - a wand of iceblast (2)
 k - a wand of polymorph (4)
 n - a wand of mindburst (18)
Scrolls
 f - a scroll of teleportation {unknown}
 j - a scroll of torment
Potions
 e - 2 potions of curing
 g - a potion of haste
 l - 2 potions of mutation


   Skills:
 * Level 6.5 Fighting
 + Level 5.2 Maces & Flails
 * Level 5.5 Polearms
 * Level 5.9 Armour
 * Level 4.0 Dodging


You had 6 spell levels left.
You didn't know any spells.
Your spell library contained the following spells:

 Spells                   Type           Power      Damage    Failure   Level
 Sandblast                Erth           0%         2d4       100%        1
 Petrify                  Tmut/Erth      0%         N/A       100%        4
 Metabolic Englaciation   Hex/Ice        0%         N/A       100%        5
 Statue Form              Tmut/Erth      0%         N/A       100%        6


Dungeon Overview and Level Annotations

Branches:
Dungeon (6/15)             Temple (0/1) D:5

Altars:
Gozag
Hepliaklqana
Okawaru
Sif Muna
Trog
Yredelemnul

Shops:
D:1 :

Annotations:
D:4 1 runed translucent door
D:6 Menkaure


Innate Abilities, Weirdness & Mutations

You have a pair of horns on your head.
You reflexively headbutt those who attack you in melee.
You are robust. (+10% HP)
Your muscles are strong. (Str +2)
You expend magic power (3 MP) to strengthen your wands.


Message History

Dowan gestures at you while chanting. The puff of frost hits you!
You puncture Dowan! You freeze Dowan.
You kill Dowan!
Trog accepts your kill.
Trog appreciates your killing of a magic user.
Duvessa weeps, and shakes her weapon.
Duvessa goes berserk!
Menkaure hits you!
* * * LOW HITPOINT WARNING * * *
You are too berserk!
You are too berserk!
You puncture Duvessa! You freeze Duvessa.
Duvessa is severely wounded.
Menkaure hits you.
* * * LOW HITPOINT WARNING * * *
You puncture Duvessa! You freeze Duvessa. Your headbutt misses Duvessa.
Duvessa is almost dead.
Duvessa hits you with a +1 vampiric short sword.
* * * LOW HITPOINT WARNING * * *
Duvessa draws strength from your wounds!
You hit Duvessa but do no damage. You headbutt Duvessa.
You kill Duvessa!
Trog accepts your kill. Menkaure barely misses you.
A hound comes into view.
Your Dodging skill increases to level 4!
You puncture Menkaure! You freeze Menkaure. You headbutt Menkaure.
Menkaure is heavily damaged.
Menkaure calls on the powers of darkness!
Your body is wracked with pain!
* * * LOW HITPOINT WARNING * * *
The hound convulses!
You hear an angry hiss.
You barely miss Menkaure.
Menkaure is heavily damaged.
You puncture Menkaure! Your headbutt misses Menkaure.
Menkaure is severely damaged.
Menkaure gestures at you while chanting.
Pain shoots through your body!
You die...

..... #.$_$..###.
..... #.$$$.....#
#....##.#.#....#
.#..........<...
..(.......#..##
#.........<...# #.
##...=........#..#
.......M........##
####..)@........#
#.h##......... #.#
##.....##. #..
###....# ...
...... .##. ##....
. # .... ... ..


You could see Menkaure (fast) and a hound.

Vanquished Creatures
  The ghost of XVortexX the Changer, an amateur NaTm (D:4)
  Grinder (D:4)
  Duvessa (D:6)
  An orc warrior (D:5)
  Dowan (D:6)
  2 hounds
  A jelly (D:4)
  An orc priest (D:4)
  A centaur skeleton (D:5)
  An iguana (D:5)
  Ijyb (D:4)
  2 orc wizards
  A hound skeleton (D:4)
  A gnoll (D:3)
  4 adders
  A river rat (D:4)
  A white imp (D:3)
  An adder zombie (D:5)
  A worm (D:4)
  13 orcs
  5 ball pythons
  4 endoplasms
  4 giant cockroaches
  5 goblins
  7 hobgoblins
  3 jackals (D:4)
  3 quokkas
  3 bats
  3 frilled lizards
  3 kobolds (D:4)
  2 rats (D:3)
79 creatures vanquished.

Notes
Turn   | Place    | Note
-------+----------+-------------------------------------------
     0 | D:1      | Nyth the Minotaur Berserker began the quest for the Orb.
     0 | D:1      | Reached XP level 1. HP: 19/19 MP: 0/0
    50 | D:1      | Found Qotaekep's Book Emporium.
   443 | D:1      | Reached XP level 2. HP: 27/27 MP: 1/1
   462 | D:1      | Reached skill level 4 in Fighting
  1016 | D:2      | Identified the +7 spear of Dissent {freeze, rElec}
  1040 | D:2      | You fall into a shaft and drop 2 floors!
  1044 | D:4      | Reached XP level 3. HP: 34/34 MP: 2/2
  1048 | D:4      | Reached skill level 1 in Polearms
  1048 | D:4      | Reached XP level 4. HP: 41/41 MP: 3/3
  1101 | D:4      | Noticed Grinder
  1112 | D:4      | Killed Grinder
  1113 | D:4      | Reached skill level 5 in Fighting
  1113 | D:4      | Reached XP level 5. HP: 48/48 MP: 4/4
  1116 | D:4      | Reached XP level 6. HP: 56/56 MP: 5/5
  1231 | D:4      | Found a runed translucent door.
  1232 | D:4      | Noticed XVortexX's ghost (amateur NaTm)
  1581 | D:3      | Found a bloodstained altar of Trog.
  1662 | D:3      | Found a shimmering blue altar of Sif Muna.
  1741 | D:3      | Got Sif Muna's Tome of the Mountains
  2016 | D:3      | Reached ** piety under Trog
  2017 | D:3      | Reached skill level 5 in Maces & Flails
  2666 | D:4      | Found a runed translucent door.
  2690 | D:4      | Killed XVortexX's ghost
  2691 | D:4      | Reached skill level 6 in Fighting
  2691 | D:4      | Reached skill level 5 in Armour
  2691 | D:4      | Reached XP level 7. HP: 63/63 MP: 6/6
  2840 | D:4      | Noticed Ijyb
  2848 | D:4      | Killed Ijyb
  2898 | D:4      | Found a basalt altar of Yredelemnul.
  3167 | D:4      | Gained mutation: You expend magic power (3 MP) to
                  | strengthen your wands. [potion of mutation]
  3167 | D:4      | Gained mutation: Your muscles are strong. (Str +2) [potion
                  | of mutation]
  3167 | D:4      | Gained mutation: You are robust. (+10% HP) [potion of
                  | mutation]
  3175 | D:4      | Identified a scroll of acquirement
  3175 | D:4      | Acquired an amulet of the acrobat
  3193 | D:5      | Entered Level 5 of the Dungeon
  3200 | D:5      | Found a hazy altar of Hepliaklqana.
  3207 | D:5      | Found an iron altar of Okawaru.
  3734 | D:5      | Reached skill level 5 in Polearms
  3797 | D:5      | Found a staircase to the Ecumenical Temple.
  3946 | D:6      | Found an opulent altar of Gozag.
  3947 | D:6      | Noticed Menkaure
  3950 | D:6      | Noticed Dowan
  3955 | D:6      | Noticed Duvessa
  3960 | D:6      | Killed Dowan
  3963 | D:6      | Killed Duvessa
  3966 | D:6      | Killed from afar by Menkaure

Illustrated notes

Levels and vault maps discovered:
D:1:      amcnicky_arrival_gap_in_the_tavern_cellar, layout_loops_ring,
          serial_shops, shop
D:2:      minmay_alternating_diamond, layout_basic,
          hellmonk_ecumenical_altar_inner_sanctum
D:3:      layout_loops_corners, nzn_overflow_gifts_of_might_and_magic,
          kennysheep_generic_room_4
D:4:      layout_rooms, lemuel_coloured_pillars_altar, ebering_ghost_sewer_f,
          uniq_grinder, uniq_ijyb
D:5:      layout_basic, mainiacjoe_overflow_catwalk_spiral,
          minmay_temple_entry_hall
D:6:      layout_cave_pools, nicolae_gozag_seed_capital, minmay_hedge_maze,
          lemuel_flamethrower_2, uniq_menkaure, uniq_duvessa, uniq_edmund

Skill      XL: |  1  2  3  4  5  6  7 |
---------------+----------------------+-----
Fighting       | 4 5 6 |  6.5
Maces & Flails | 4 5 |  5.2
Armour         | 3 4 5 |  5.9
Polearms       | 1 2 3 5 |  5.5
Dodging        | 3 4 |  4.0

Action                   |  1- 3 |  4- 6 |  7- 9 || total
-------------------------+-------+-------+-------++-------
Melee: Flail             |    21 |       |       ||    21
       Headbutt          |     4 |     4 |    10 ||    18
       Mace              |     2 |       |       ||     2
       Spear             |     9 |    83 |    59 ||   151
       Punch             |       |       |     1 ||     1
Invok: Berserk           |     1 |     4 |     2 ||     7
  Use: Potion            |       |     4 |     3 ||     7
       Scroll            |       |       |     4 ||     4
Armor: Plate armour      |    21 |    23 |    10 ||    54
Dodge: Dodged            |     4 |    12 |    17 ||    33
